[Event "Titled Tuesday Blitz October 31 Late 2023"]
[White "Vasquez Schroeder, Rodrigo"]
[Black "Girsh, Daniel"]
[WhiteFideId "3400042"]
[BlackFideId "30949190"]
[WhiteElo "2882"]
[BlackElo "2513"]
[Result "1-0"]
[Round "3"]
[TimeControl "180+1"]
[Date "2023.10.31"]
[WhiteClock "0:01:15"]
[BlackClock "0:00:06"]
[Board "53"]

1. e4 e5 2. Nf3 Nc6 3. Bb5 a6 4. Ba4 Nf6 5. O-O b5 6. Bb3 Be7 7. Re1 O-O 8. h3 Bb7 9. d3 d6 10. c3 Na5 11. Bc2 c5 12. Nbd2 Nc6 13. Nf1 Qc7 14. Bg5 h6 15. Bh4 Nh5 16. Bxe7 Qxe7 17. Ne3 Nf4 18. h4 Bc8 19. g3 Ne6 20. Bb3 Kh7 21. Bd5 Bb7 22. a4 Nc7 23. axb5 axb5 24. Rxa8 Rxa8 25. Bb3 b4 26. Nf5 Qf6 27. Ng5+ hxg5 28. Qh5+ Kg8 29. hxg5 g6 30. Qh6 Qe6 31. Qg7# 1-0


[Site "https://www.chess.com"]

[Event "Titled Tuesday Blitz October 31 Late 2023"]
[White "Estrada Nieto, Julian"]
[Black "Quesada Perez, Yasser"]
[WhiteFideId "5101018"]
[BlackFideId "3509362"]
[WhiteElo "2513"]
[BlackElo "2874"]
[Result "0-1"]
[Round "3"]
[TimeControl "180+1"]
[Date "2023.10.31"]
[WhiteClock "0:00:00"]
[BlackClock "0:00:37"]
[Board "54"]

1. e4 Nf6 2. e5 Nd5 3. d4 d6 4. Nf3 Bg4 5. Be2 e6 6. O-O Be7 7. c4 Nb6 8. h3 Bh5 9. Nc3 O-O 10. Be3 Nc6 11. exd6 cxd6 12. d5 exd5 13. Nxd5 Bxf3 14. gxf3 Bf6 15. Rb1 Nxd5 16. Qxd5 Qd7 17. Kg2 Ne5 18. f4 Ng6 19. Bg4 Qc7 20. b4 b6 21. Kh1 Ne7 22. Qe4 Rfe8 23. Bf3 Rad8 24. Rfc1 Qc8 25. Bg4 Qa6 26. Rc2 d5 27. Qd3 Qb7 28. Kg1 d4 29. Bd2 Ng6 30. Bf3 Qc7 31. Qf5 d3 32. Rcc1 Nh4 33. Qg4 Nxf3+ 34. Qxf3 Re2 35. Rd1 Qxc4 36. Rbc1 Qxa2 37. Rc7 Rxd2 0-1


[Site "https://www.chess.com"]

[Event "Titled Tuesday Blitz October 31 Late 2023"]
[White "Nazari, Arad"]
[Black "The_Straightforward_Rook"]
[WhiteFideId "12577324"]
[WhiteElo "2843"]
[BlackElo "2504"]
[Result "1-0"]
[Round "3"]
[TimeControl "180+1"]
[Date "2023.10.31"]
[WhiteClock "0:01:43"]
[BlackClock "0:00:04"]
[Board "55"]

1. e4 e5 2. f4 exf4 3. Nf3 Nf6 4. e5 Nh5 5. d4 d5 6. c4 g5 7. g4 Ng7 8. Nc3 Bxg4 9. Nxd5 Be7 10. Rg1 h5 11. h3 Bxf3 12. Qxf3 c6 13. Nxe7 Qxe7 14. Bxf4 gxf4 15. Rxg7 Qb4+ 16. Qc3 Na6 17. a3 Qxc3+ 18. bxc3 Kf8 19. Rg5 c5 20. Bg2 Re8 21. Bxb7 Nc7 22. Bc6 Re7 23. Rf5 Kg7 24. Kf2 Ne6 25. d5 Nd8 26. Rg1+ Kf8 27. Ba4 f3 28. Kxf3 Rh6 29. Rfg5 f6 30. Rg8+ Kf7 31. R1g7# 1-0


[Site "https://www.chess.com"]

[Event "Titled Tuesday Blitz October 31 Late 2023"]
[White "Cervantes Landeiro, Thalia"]
[Black "Kamsky, Gata"]
[WhiteFideId "3520498"]
[BlackFideId "2000024"]
[WhiteElo "2499"]
[BlackElo "2830"]
[Result "0-1"]
[Round "3"]
[TimeControl "180+1"]
[Date "2023.10.31"]
[WhiteClock "0:00:00"]
[BlackClock "0:00:04"]
[Board "56"]

1. d4 f5 2. c4 Nf6 3. g3 e6 4. Bg2 g6 5. Nh3 Bg7 6. O-O O-O 7. Nf4 d6 8. Nc3 Qe8 9. Nd3 Na6 10. b3 e5 11. dxe5 dxe5 12. Bb2 e4 13. Nf4 c6 14. e3 g5 15. Nfe2 Ng4 16. Na4 Bxb2 17. Nxb2 Be6 18. Nd4 Rd8 19. Qe2 Bc8 20. h3 Ne5 21. f4 exf3 22. Nxf3 Nxf3+ 23. Bxf3 Qe5 24. Kg2 Nc5 25. Na4 Ne4 26. Bxe4 Qxe4+ 27. Kh2 Rfe8 28. Rad1 Rxd1 29. Rxd1 Qe5 30. c5 Be6 31. Qh5 Bd5 32. Qxg5+ Kh8 33. Rf1 Be4 34. Qf4 Qg7 35. g4 fxg4 36. hxg4 Bd5 37. Rf2 h6 38. Kg3 Re4 39. Qf8+ Kh7 40. Qxg7+ Kxg7 41. Re2 Be6 42. Nc3 Rxg4+ 43. Kf3 h5 44. Rg2 Kf6 45. Rxg4 Bxg4+ 46. Kf4 Bf5 47. e4 Be6 48. e5+ Kg6 49. Ne4 h4 50. Ng5 Bc8 51. Nf3 h3 52. Kg3 Be6 53. Nd4 Bc8 54. e6 Kf6 55. Kxh3 Ke5 56. Nf3+ Kxe6 57. Kg3 Kd5 58. Kf4 Kxc5 59. Ne5 Kb4 60. Nd3+ Ka3 0-1


[Site "https://www.chess.com"]

[Event "Titled Tuesday Blitz October 31 Late 2023"]
[White "Pinero Rodriguez, Carlos Jose"]
[Black "Zakhartsov, Vladimir"]
[WhiteFideId "3901726"]
[BlackFideId "4145097"]
[WhiteElo "2497"]
[BlackElo "2823"]
[Result "0-1"]
[Round "3"]
[TimeControl "180+1"]
[Date "2023.10.31"]
[WhiteClock "0:00:00"]
[BlackClock "0:00:46"]
[Board "57"]

1. d4 g6 2. c4 Bg7 3. Nc3 c5 4. Nf3 cxd4 5. Nxd4 Nc6 6. Nc2 Bxc3+ 7. bxc3 d6 8. f3 Qa5 9. Bd2 Nf6 10. e4 O-O 11. Ne3 Be6 12. Nd5 Rac8 13. Be2 Nd7 14. O-O Rfe8 15. Kh1 Nce5 16. Qb3 Qa6 17. Rab1 Nxc4 18. Bxc4 Qxc4 19. Qxc4 Rxc4 20. Rxb7 Ra4 21. Nc7 Nc5 22. Rb4 Rc8 23. Nxe6 fxe6 24. Rxa4 Nxa4 25. Rb1 Rc7 26. Rb3 Nb6 27. Kg1 Nc4 28. Be1 Kf7 0-1


[Site "https://www.chess.com"]

[Event "Titled Tuesday Blitz October 31 Late 2023"]
[White "Pakleza, Zbigniew"]
[Black "Dudzinski, Pawel"]
[WhiteFideId "1119290"]
[BlackFideId "1117890"]
[WhiteElo "2816"]
[BlackElo "2497"]
[Result "1-0"]
[Round "3"]
[TimeControl "180+1"]
[Date "2023.10.31"]
[WhiteClock "0:01:00"]
[BlackClock "0:00:01"]
[Board "58"]

1. d4 Nf6 2. Nf3 e6 3. Bf4 d5 4. e3 c5 5. c3 Nc6 6. Nbd2 Bd6 7. Bg3 O-O 8. Bd3 b6 9. Ne5 Qc7 10. f4 Bb7 11. Qf3 Rac8 12. Bh4 Be7 13. Qh3 Nxe5 14. fxe5 Ne4 15. Nf3 Bxh4+ 16. Qxh4 cxd4 17. exd4 Qd8 18. Qf4 f5 19. exf6 Rxf6 20. Qe3 Rg6 21. O-O Rf6 22. Rae1 Qe7 23. Bxe4 dxe4 24. Nd2 Rxf1+ 25. Rxf1 Rf8 26. Rxf8+ Qxf8 27. Nxe4 Bxe4 28. Qxe4 Qe7 29. Kf2 h6 30. Ke2 Qd7 31. c4 Kh8 32. b3 Qf7 33. h3 Qh5+ 34. Qf3 Qg6 35. Ke3 Qc2 36. Qa8+ Kh7 37. Qe4+ Qxe4+ 38. Kxe4 Kg6 39. Ke5 Kf7 40. c5 bxc5 41. dxc5 Ke7 42. c6 a5 43. a3 1-0


[Site "https://www.chess.com"]

[Event "Titled Tuesday Blitz October 31 Late 2023"]
[White "Holt, Conrad"]
[Black "Czerw, Dawid"]
[WhiteFideId "2034387"]
[BlackFideId "1145746"]
[WhiteElo "2803"]
[BlackElo "2496"]
[Result "1-0"]
[Round "3"]
[TimeControl "180+1"]
[Date "2023.10.31"]
[WhiteClock "0:00:29"]
[BlackClock "0:00:01"]
[Board "59"]

1. d4 d5 2. c4 c6 3. Nc3 Nf6 4. e3 a6 5. Nf3 b5 6. c5 Bg4 7. Qc2 Bxf3 8. gxf3 Nbd7 9. f4 e6 10. Rg1 g6 11. Bd3 Bg7 12. Bd2 a5 13. Ne2 O-O 14. h4 Nh5 15. Rg5 Ndf6 16. O-O-O Kh8 17. Rdg1 Bh6 18. R5g2 Ng8 19. Ng3 f5 20. Nxh5 gxh5 21. Qd1 Nf6 22. Be2 Qe8 23. Be1 Qf7 24. Rg5 Bxg5 25. hxg5 Ng4 26. Qd2 Rg8 27. Rh1 h6 28. f3 hxg5 29. fxg4 fxg4 30. Bxg4 h4 31. fxg5 Rxg5 32. Bxh4 Rxg4 33. Bf6+ Kg8 34. Rh8# 1-0


[Site "https://www.chess.com"]

[Event "Titled Tuesday Blitz October 31 Late 2023"]
[White "Brodsky, David"]
[Black "Tworuszka, Michal"]
[WhiteFideId "2073250"]
[BlackFideId "1117858"]
[WhiteElo "2798"]
[BlackElo "2495"]
[Result "1-0"]
[Round "3"]
[TimeControl "180+1"]
[Date "2023.10.31"]
[WhiteClock "0:00:07"]
[BlackClock "0:00:01"]
[Board "60"]

1. e4 c5 2. Nf3 Nc6 3. d4 cxd4 4. Nxd4 Nf6 5. Nc3 e5 6. Ndb5 d6 7. Bg5 a6 8. Na3 b5 9. Nab1 Be7 10. Bxf6 Bxf6 11. a4 b4 12. Nd5 Be6 13. Bc4 O-O 14. O-O a5 15. c3 Rb8 16. Bb5 Bxd5 17. Qxd5 Ne7 18. Qd3 d5 19. cxb4 axb4 20. Nd2 dxe4 21. Nxe4 Qxd3 22. Bxd3 Rfd8 23. Rfd1 Nc6 24. Nxf6+ gxf6 25. a5 e4 26. Bxe4 Rxd1+ 27. Rxd1 Nxa5 28. g3 Nc4 29. b3 Na5 30. Rd7 Nxb3 31. Bd5 Nc5 32. Rxf7 Kh8 33. Rc7 b3 34. Rxc5 b2 35. Be4 b1=Q+ 36. Bxb1 Rxb1+ 37. Kg2 Kg7 38. h4 Kg6 39. h5+ Kg7 40. g4 Rb3 41. Rc7+ Kh6 42. f4 Rb2+ 43. Kg3 Rb1 44. Rf7 Rg1+ 45. Kh3 Rh1+ 46. Kg2 Rh4 47. Kg3 Rh1 48. Rxf6+ Kg7 49. g5 Rg1+ 50. Kf2 Rh1 51. h6+ Kg8 52. Ra6 Rh2+ 53. Kg3 Rc2 54. Ra8+ Kf7 55. Ra7+ Kf8 56. Rxh7 1-0


[Site "https://www.chess.com"]

[Event "Titled Tuesday Blitz October 31 Late 2023"]
[White "Troff, Kayden"]
[Black "Suarez Uriel, Adrian"]
[WhiteFideId "2047896"]
[BlackFideId "22230874"]
[WhiteElo "2786"]
[BlackElo "2481"]
[Result "1-0"]
[Round "3"]
[TimeControl "180+1"]
[Date "2023.10.31"]
[WhiteClock "0:00:20"]
[BlackClock "0:00:01"]
[Board "61"]

1. d4 Nf6 2. Nf3 b6 3. Bf4 Bb7 4. e3 g6 5. Nbd2 Bg7 6. h4 h5 7. Bd3 d6 8. Ng5 Nbd7 9. c3 e5 10. Bg3 O-O 11. Qc2 Qe7 12. O-O-O Rae8 13. f3 Nd5 14. Rde1 exd4 15. exd4 Ne3 16. Qa4 Qd8 17. Rhg1 a6 18. Bxa6 Bxa6 19. Qxa6 Nf5 20. Bf4 Nxh4 21. Qf1 Qf6 22. Nh3 Rxe1+ 23. Qxe1 Qe6 24. Qxh4 Qxa2 25. Qe7 Nf6 26. Qxc7 Nd5 27. Qxd6 Rc8 28. Qd7 Ra8 29. Nb1 Qb3 30. Re1 Nxf4 31. Re8+ Rxe8 32. Qxe8+ Kh7 33. Nxf4 Bh6 34. g3 h4 35. Nd2 Bxf4 36. gxf4 Qd5 37. Ne4 Qf5 38. Qe5 h3 39. Qxf5 gxf5 40. Ng5+ Kg6 41. Nxh3 1-0


[Site "https://www.chess.com"]

[Event "Titled Tuesday Blitz October 31 Late 2023"]
[White "Alex_Sahakyan2006"]
[Black "Willy, Stephen"]
[BlackFideId "30981468"]
[WhiteElo "2746"]
[BlackElo "2481"]
[Result "1-0"]
[Round "3"]
[TimeControl "180+1"]
[Date "2023.10.31"]
[WhiteClock "0:01:16"]
[BlackClock "0:00:11"]
[Board "62"]

1. e4 d5 2. exd5 Nf6 3. d4 Bg4 4. Be2 Bxe2 5. Qxe2 Qxd5 6. Nf3 Nc6 7. Nc3 Qh5 8. Qb5 Qxb5 9. Nxb5 Rc8 10. Bf4 Nd5 11. Bg3 a6 12. Nc3 Nxc3 13. bxc3 e6 14. O-O Na5 15. Rfe1 Ba3 16. Rab1 O-O 17. Nd2 c5 18. Nb3 Nc4 19. Nxc5 Bxc5 20. dxc5 Rxc5 21. Rxb7 Na5 22. Ra7 Rxc3 23. Rxa6 Nc4 24. Re2 h5 25. h4 Rd8 26. Rc6 Ra8 27. Be5 Rxc2 28. Rxc2 Nxe5 29. Rc8+ 1-0


[Site "https://www.chess.com"]

[Event "Titled Tuesday Blitz October 31 Late 2023"]
[White "Buchenau, Frank"]
[Black "Blanco Ronquillo, Humberto L."]
[WhiteFideId "4604350"]
[BlackFideId "3504239"]
[WhiteElo "2478"]
[BlackElo "2742"]
[Result "1-0"]
[Round "3"]
[TimeControl "180+1"]
[Date "2023.10.31"]
[WhiteClock "0:00:09"]
[BlackClock "0:00:22"]
[Board "63"]

1. e4 e5 2. Bc4 Nf6 3. d3 c6 4. Nf3 d5 5. Bb3 Bb4+ 6. Bd2 Bxd2+ 7. Nbxd2 O-O 8. O-O Re8 9. Re1 d4 10. Nc4 Qc7 11. c3 b5 12. Ncd2 dxc3 13. bxc3 Be6 14. d4 Nbd7 15. Bxe6 Rxe6 16. a4 Rae8 17. axb5 cxb5 18. Qb3 Rb6 19. h3 h6 20. c4 exd4 21. cxb5 Ne5 22. Nxd4 Rd6 23. N2f3 Nxf3+ 24. Nxf3 Nxe4 25. Re3 Rde6 26. Nd4 Rf6 27. Rae1 Nd6 28. Rxe8+ Nxe8 29. Rxe8+ Kh7 30. Qc2+ Qxc2 31. Nxc2 Rf5 32. Rb8 Rc5 33. Ne3 Rc1+ 34. Kh2 Rb1 35. Kg3 a6 36. b6 a5 37. Nd5 a4 38. Ra8 Rb5 39. Rxa4 Rxd5 40. Rb4 Rd8 41. b7 Rb8 42. Kf4 Kg8 43. Ke5 Kf8 44. Kd6 1-0


[Site "https://www.chess.com"]

[Event "Titled Tuesday Blitz October 31 Late 2023"]
[White "Koellner, Ruben Gideon"]
[Black "Kunin, Vitaly"]
[WhiteFideId "12993093"]
[BlackFideId "4128737"]
[WhiteElo "2741"]
[BlackElo "2478"]
[Result "1-0"]
[Round "3"]
[TimeControl "180+1"]
[Date "2023.10.31"]
[WhiteClock "0:00:16"]
[BlackClock "0:00:00"]
[Board "64"]

1. d4 d5 2. Nf3 Nf6 3. e3 Bg4 4. h3 Bh5 5. g4 Bg6 6. Ne5 Nfd7 7. Nxg6 hxg6 8. Bg2 e6 9. c4 c6 10. Nc3 Nb6 11. cxd5 cxd5 12. e4 Bb4 13. exd5 Nxd5 14. Bd2 Nc6 15. Nxd5 Bxd2+ 16. Qxd2 exd5 17. Qe3+ Qe7 18. O-O-O Rc8 19. Kb1 Qxe3 20. fxe3 Ne7 21. e4 Kd7 22. Rhf1 f6 23. exd5 b6 24. Rfe1 Rce8 25. Bf1 Kd8 26. Bb5 Ref8 27. Re6 Rxh3 28. d6 Nc8 29. Rde1 Rhh8 30. Re7 Nxd6 31. Rd7+ Kc8 32. Rxd6 Rd8 33. Rc1+ Kb8 34. Rxd8+ Rxd8 35. Ba6 f5 36. gxf5 gxf5 37. d5 f4 38. d6 f3 39. d7 f2 40. Rc8+ 1-0


[Site "https://www.chess.com"]

[Event "Titled Tuesday Blitz October 31 Late 2023"]
[White "Tatarinov, Dmitry"]
[Black "Molenda, Marcin"]
[WhiteFideId "24160067"]
[BlackFideId "1173065"]
[WhiteElo "2725"]
[BlackElo "2474"]
[Result "0-1"]
[Round "3"]
[TimeControl "180+1"]
[Date "2023.10.31"]
[WhiteClock "0:01:35"]
[BlackClock "0:02:06"]
[Board "65"]

1. e4 e5 2. Nf3 Nc6 3. Bc4 Bc5 4. d3 Nf6 5. c3 d6 6. O-O a5 7. a4 O-O 8. Bg5 h6 9. Bh4 Be6 10. Bb5 g5 11. Nxg5 hxg5 12. Bxg5 Kg7 13. Bxc6 bxc6 14. d4 Bb6 15. f4 exd4 16. cxd4 Rg8 17. Kh1 Kf8 18. e5 dxe5 19. Bh6+ Ke8 20. fxe5 Ng4 21. Bf4 Qxd4 22. Qc2 Nf2+ 23. Rxf2 Qxf2 24. Qxc6+ Bd7 25. Qxa8+ Ke7 26. Bg5+ Rxg5 27. Nc3 c6 0-1


[Site "https://www.chess.com"]

[Event "Titled Tuesday Blitz October 31 Late 2023"]
[White "Gubajdullin, Alexei"]
[Black "Mmukka"]
[WhiteFideId "4141202"]
[WhiteElo "2709"]
[BlackElo "2470"]
[Result "1-0"]
[Round "3"]
[TimeControl "180+1"]
[Date "2023.10.31"]
[WhiteClock "0:01:54"]
[BlackClock "0:00:49"]
[Board "66"]

1. d4 d5 2. Nf3 e6 3. Bf4 Nf6 4. Nbd2 Bd6 5. Bg3 O-O 6. e3 b6 7. Bd3 Ba6 8. Ne5 Bxd3 9. cxd3 c5 10. dxc5 bxc5 11. O-O Qb6 12. Nec4 dxc4 13. Nxc4 Qc6 14. Bxd6 Rd8 15. Qf3 Qxf3 16. gxf3 Nc6 17. Rfd1 Rac8 18. Bxc5 Rd5 19. b4 a5 20. a3 axb4 21. axb4 e5 22. e4 Rdd8 23. b5 Nd4 24. Bxd4 exd4 25. b6 Rb8 26. Ra7 Nd7 27. b7 Nc5 28. Na5 Re8 29. Rb1 h5 30. Nc6 Rxb7 31. Rbxb7 Nxb7 32. Rxb7 Re6 33. Nxd4 Rd6 34. Rb4 Rg6+ 35. Kf1 Rd6 36. h4 g6 37. Ke2 Kg7 38. Ke3 Ra6 39. f4 Ra1 40. Nf3 Rh1 41. Rb3 Ra1 42. d4 Rc1 43. d5 Rd1 44. Rd3 1-0


[Site "https://www.chess.com"]

[Event "Titled Tuesday Blitz October 31 Late 2023"]
[White "BardArtem"]
[Black "Ventura Bolet, Maxim"]
[BlackFideId "22238824"]
[WhiteElo "2706"]
[BlackElo "2467"]
[Result "1/2-1/2"]
[Round "3"]
[TimeControl "180+1"]
[Date "2023.10.31"]
[WhiteClock "0:00:07"]
[BlackClock "0:00:17"]
[Board "67"]

1. e4 Nf6 2. e5 Nd5 3. Nc3 e6 4. d4 d6 5. Nxd5 exd5 6. f3 dxe5 7. dxe5 c5 8. f4 Nc6 9. Nf3 Be7 10. Bd3 O-O 11. O-O f6 12. c4 d4 13. Be4 fxe5 14. fxe5 Be6 15. b3 Qc7 16. Qe2 Kh8 17. Bd2 Nxe5 18. Rae1 Bg4 19. Bd5 Bd6 20. h3 Nxf3+ 21. Bxf3 Bxf3 22. Rxf3 Rxf3 23. Qxf3 Rf8 24. Qd5 b6 25. a3 Bf4 26. Qf5 Bd6 27. Qd5 h6 28. b4 Bf4 29. Bxf4 Qxf4 30. Qe5 Qxe5 31. Rxe5 cxb4 32. axb4 Rc8 33. c5 bxc5 34. Rxc5 Rb8 35. Rc4 d3 36. Kf2 Re8 37. Rd4 Re2+ 38. Kf3 Rb2 39. Rxd3 Rxb4 40. Rd8+ Kh7 41. Ra8 Ra4 42. g4 Ra1 43. h4 a5 44. h5 a4 45. Kg2 a3 46. Kh2 Ra2+ 47. Kg3 Ra1 48. Kg2 a2 49. Kh2 g6 50. Ra7+ Kg8 51. hxg6 Rb1 52. Rxa2 Kg7 53. Ra6 Rb3 54. Kg2 Rc3 55. Kf2 Rb3 56. Rc6 Ra3 57. Rb6 Ra4 58. Kg2 Rxg4+ 59. Kf3 Ra4 60. Kg3 h5 61. Kh3 Kh6 62. Rc6 Rg4 63. Rb6 Rc4 64. Ra6 Rc7 65. Rb6 Kg5 66. Kg3 Rc3+ 67. Kg2 Kh6 68. Kh2 h4 69. Ra6 Rg3 70. Ra4 Kh5 71. Ra5+ Kxg6 72. Ra4 Kh5 73. Ra5+ Kh6 74. Ra4 Rb3 75. Rxh4+ Kg5 76. Rh3 Rb2+ 77. Kg3 Ra2 78. Rh2 Ra3+ 79. Kg2 Kg4 80. Rh8 Ra2+ 81. Kf1 Kf3 82. Rh3+ Kg4 83. Rb3 Kf4 84. Ke1 Ke4 85. Kd1 Rh2 86. Kc1 Kd4 87. Rb2 Rh1+ 88. Kc2 Rh3 89. Kb1 Kc3 90. Ka2 Rh8 91. Rb3+ Kc4 92. Rb2 Rh3 93. Rc2+ Kb4 94. Rb2+ Ka4 95. Rg2 Rc3 96. Rg4+ Kb5 97. Kb2 Rc5 98. Kb3 Rf5 99. Rg3 Rf4 100. Rg5+ Kc6 101. Kc3 Kd6 102. Kd3 Ke6 103. Ke3 Ra4 104. Rh5 Ra3+ 105. Kd4 Ra4+ 106. Kd3 Ra3+ 107. Kd4 Ra4+ 108. Kd3 Ra3+ 109. Kd4 1/2-1/2


[Site "https://www.chess.com"]

[Event "Titled Tuesday Blitz October 31 Late 2023"]
[White "Arutla, Aditya"]
[Black "Burke, Carol Ann"]
[WhiteFideId "30961998"]
[BlackFideId "11104643"]
[WhiteElo "2465"]
[BlackElo "2701"]
[Result "0-1"]
[Round "3"]
[TimeControl "180+1"]
[Date "2023.10.31"]
[WhiteClock "0:00:04"]
[BlackClock "0:00:16"]
[Board "68"]

1. d4 Nf6 2. Bf4 d5 3. e3 c5 4. Nf3 Nc6 5. Nbd2 Bg4 6. dxc5 e5 7. Bg5 Bxc5 8. h3 Bh5 9. g4 Bg6 10. Bb5 Qd6 11. c3 a6 12. Be2 h6 13. Bh4 Rd8 14. Bg3 Qe7 15. b4 Bd6 16. O-O h5 17. g5 Ne4 18. Nxe4 dxe4 19. Nh4 Qxg5 20. Qa4 O-O 21. Kh2 Bh7 22. Rg1 Qh6 23. Rad1 Be7 24. b5 axb5 25. Bxb5 Qf6 26. Bxc6 bxc6 27. Qa5 Rxd1 28. Rxd1 Qe6 29. Ng2 f6 30. Qc7 Bf5 31. Rb1 Re8 32. Rb7 Bf8 33. Nh4 Bh7 34. Rb6 Qxa2 35. Qxc6 Qf7 36. Rb7 Qe6 37. Qxe6+ Rxe6 38. Rb1 Rc6 39. Rc1 g5 40. Ng2 h4 41. Nxh4 gxh4 42. Bxh4 Kf7 43. Kg3 Ke6 44. f4 exf3 45. Kxf3 Bf5 46. e4 Bg6 47. Ke3 Rc4 48. Kd3 Rxe4 49. Kd2 Rxh4 0-1


[Site "https://www.chess.com"]

[Event "Titled Tuesday Blitz October 31 Late 2023"]
[White "Leiva, Gianmarco"]
[Black "ATM622"]
[WhiteFideId "3804399"]
[WhiteElo "2685"]
[BlackElo "2461"]
[Result "1-0"]
[Round "3"]
[TimeControl "180+1"]
[Date "2023.10.31"]
[WhiteClock "0:00:45"]
[BlackClock "0:00:23"]
[Board "69"]

1. e4 c6 2. d4 d5 3. e5 Bf5 4. Nf3 e6 5. Be2 h5 6. O-O Be7 7. a4 g5 8. a5 h4 9. Ne1 Nh6 10. Be3 Nd7 11. Nd2 Rg8 12. a6 b6 13. c4 c5 14. cxd5 exd5 15. b3 Bg6 16. Ndf3 Nf5 17. dxc5 Nxe3 18. fxe3 Nxc5 19. Nd4 Rc8 20. Bb5+ Kf8 21. b4 Qc7 22. bxc5 bxc5 23. Ne6# 1-0


[Site "https://www.chess.com"]

[Event "Titled Tuesday Blitz October 31 Late 2023"]
[White "Mendez Fortes, Eduardo Jesus"]
[Black "Liu, Casper"]
[WhiteFideId "3502376"]
[BlackFideId "1454153"]
[WhiteElo "2681"]
[BlackElo "2461"]
[Result "1-0"]
[Round "3"]
[TimeControl "180+1"]
[Date "2023.10.31"]
[WhiteClock "0:00:18"]
[BlackClock "0:00:01"]
[Board "70"]

1. e4 c5 2. Nf3 e6 3. d4 cxd4 4. Nxd4 Nc6 5. Nc3 Qc7 6. Be3 Bb4 7. Qd2 Nf6 8. f3 d5 9. a3 Bxc3 10. Qxc3 dxe4 11. Nb5 Qb8 12. Bc5 b6 13. Bd6 Qb7 14. Nc7+ Kd7 15. Ba6 Qxc7 16. Bxc7 Kxc7 17. Bb5 Bb7 18. O-O-O exf3 19. gxf3 Rad8 20. Rxd8 Rxd8 21. Rg1 Rg8 22. b4 Nd5 23. Qd3 g6 24. c4 Nf4 25. Qe3 g5 26. Rxg5 Nd3+ 27. Kb1 Rd8 28. Rg7 Nce5 29. f4 Ng6 30. Rxf7+ Kb8 31. Rd7 Rf8 32. Qxd3 Rxf4 33. Rd8+ 1-0


[Site "https://www.chess.com"]

[Event "Titled Tuesday Blitz October 31 Late 2023"]
[White "Goltsev, Dmitry"]
[Black "Rangel, Daniel"]
[WhiteFideId "24176710"]
[BlackFideId "2124475"]
[WhiteElo "2662"]
[BlackElo "2460"]
[Result "1-0"]
[Round "3"]
[TimeControl "180+1"]
[Date "2023.10.31"]
[WhiteClock "0:00:48"]
[BlackClock "0:00:10"]
[Board "71"]

1. e4 c5 2. Nf3 g6 3. d4 cxd4 4. Qxd4 Nf6 5. Nc3 Nc6 6. Qa4 d6 7. e5 dxe5 8. Nxe5 Bd7 9. Nxd7 Nxd7 10. Bb5 Bg7 11. O-O O-O 12. Bg5 Nb6 13. Qh4 Qc8 14. Rad1 a6 15. Bxc6 Qxc6 16. Bxe7 Rfe8 17. Bg5 Nc4 18. Nd5 Nxb2 19. Rd2 Nc4 20. Rdd1 Nb2 21. Rd4 Re6 22. Ne7+ Rxe7 23. Bxe7 Bxd4 24. Qxd4 Nc4 25. Rd1 Nb6 26. Bf6 Qc4 27. Qd8+ 1-0


[Site "https://www.chess.com"]

[Event "Titled Tuesday Blitz October 31 Late 2023"]
[White "Sipila, Vilka"]
[Black "Mystery2007"]
[WhiteFideId "505455"]
[WhiteElo "2658"]
[BlackElo "2459"]
[Result "0-1"]
[Round "3"]
[TimeControl "180+1"]
[Date "2023.10.31"]
[WhiteClock "0:00:07"]
[BlackClock "0:00:16"]
[Board "72"]

1. e4 a6 2. d4 e6 3. Nf3 d5 4. exd5 exd5 5. Bd3 Bd6 6. O-O Ne7 7. Re1 O-O 8. Bg5 f6 9. Bh4 Nbc6 10. c3 Bf5 11. Bg3 Qd7 12. Bxd6 Qxd6 13. Na3 Rae8 14. Nc2 Bxd3 15. Qxd3 Ng6 16. g3 Na5 17. Ne3 Ne7 18. Nh4 Qd7 19. Re2 b5 20. b3 Nb7 21. a4 Nd6 22. axb5 axb5 23. Ra6 Ra8 24. Rea2 Rxa6 25. Rxa6 g5 26. Nf3 c6 27. Nd2 Ng6 28. Nc2 Re8 29. Nb4 Re1+ 30. Nf1 Ne4 31. f3 Qf5 32. Rxc6 g4 33. Qxb5 Qxf3 34. Qxd5+ Kg7 35. Rc7+ Kh6 36. Nd3 Qxf1# 0-1


[Site "https://www.chess.com"]

[Event "Titled Tuesday Blitz October 31 Late 2023"]
[White "Ozates, Tuna"]
[Black "Rakitic2010"]
[WhiteFideId "6354521"]
[WhiteElo "2655"]
[BlackElo "2457"]
[Result "0-1"]
[Round "3"]
[TimeControl "180+1"]
[Date "2023.10.31"]
[WhiteClock "0:01:02"]
[BlackClock "0:00:58"]
[Board "73"]

1. e4 c5 2. Nc3 e6 3. g3 Nc6 4. Bg2 Nf6 5. Nge2 Be7 6. O-O O-O 7. d4 cxd4 8. Nxd4 d6 9. Nxc6 bxc6 10. e5 dxe5 11. Bxc6 Ba6 12. Bxa8 Qxa8 13. Qe1 Qc6 14. Qxe5 Bc5 15. Re1 Bb7 16. Kf1 Qg2+ 17. Ke2 Qf3+ 0-1


[Site "https://www.chess.com"]

[Event "Titled Tuesday Blitz October 31 Late 2023"]
[White "Ismagilov, Damir"]
[Black "Kubicka, Anna"]
[WhiteFideId "34199982"]
[BlackFideId "1152254"]
[WhiteElo "2644"]
[BlackElo "2457"]
[Result "0-1"]
[Round "3"]
[TimeControl "180+1"]
[Date "2023.10.31"]
[WhiteClock "0:02:04"]
[BlackClock "0:00:18"]
[Board "74"]

1. d4 Nf6 2. Bf4 d6 3. Nc3 Nbd7 4. Nf3 Nh5 5. Bd2 e5 6. e4 Nhf6 7. Bc4 Be7 8. O-O O-O 9. dxe5 Nxe5 10. Be2 Nxf3+ 11. Bxf3 Be6 12. Nd5 Nxd5 13. exd5 Bf5 14. Bc3 Bf6 15. Qd2 Bg5 16. Qd4 Bf6 17. Qc4 b5 18. Qxb5 Bxc3 19. bxc3 Bxc2 20. c4 Rb8 21. Qa5 Rb7 22. Rac1 Bd3 23. Rfd1 Bf5 24. c5 Qb8 25. h3 h6 26. Qa6 dxc5 27. Rxc5 Rb1 28. Rxb1 Qxb1+ 29. Kh2 Qb6 30. Qxb6 cxb6 31. Rc7 Rd8 32. Rxa7 Kf8 33. Rb7 Rd6 34. g4 Bb1 35. a3 Ba2 36. Kg3 Bxd5 37. Bxd5 Rxd5 38. Rxb6 Rd3+ 39. f3 Rxa3 40. h4 g6 41. h5 gxh5 42. gxh5 Kg7 43. Rb4 Ra5 44. Rg4+ Rg5 45. Kf4 Rxg4+ 46. Kxg4 Kf6 47. Kf4 Ke6 48. Ke4 Kf6 49. f4 Ke6 50. f5+ Kd6 51. Kd4 f6 52. Ke4 Kc5 53. Kd3 Kd5 0-1


[Site "https://www.chess.com"]

[Event "Titled Tuesday Blitz October 31 Late 2023"]
[White "reevecanada"]
[Black "Perez Rodriguez, Jennifer"]
[BlackFideId "3507831"]
[WhiteElo "2643"]
[BlackElo "2448"]
[Result "1-0"]
[Round "3"]
[TimeControl "180+1"]
[Date "2023.10.31"]
[WhiteClock "0:02:04"]
[BlackClock "0:01:39"]
[Board "75"]

1. e4 e5 2. Nf3 Nc6 3. Bc4 Bc5 4. c3 Nf6 5. d3 d6 6. O-O a6 7. a4 Ba7 8. Nbd2 O-O 9. h3 h6 10. Re1 Re8 11. Nf1 Be6 12. b4 d5 13. exd5 Bxd5 14. Qb3 Bxc4 15. dxc4 e4 16. N3h2 Ne5 17. Be3 Bxe3 18. Nxe3 Qd3 19. Rad1 Rad8 20. Rxd3 exd3 21. Rd1 Ne4 22. Nf3 Nxf3+ 23. gxf3 Ng5 24. Kg2 Re6 25. h4 Nh7 26. Nf5 Rg6+ 27. Kf1 Rf6 28. Nd4 Rf4 29. Rxd3 Rxh4 30. Qc2 Nf6 31. Nf5 Rxd3 32. Qxd3 Rf4 33. Ne7+ Kf8 34. Qd8+ Ne8 35. Nd5 1-0


[Site "https://www.chess.com"]

[Event "Titled Tuesday Blitz October 31 Late 2023"]
[White "Jovic, Stanoje"]
[Black "Lamaze, Simon"]
[WhiteFideId "905020"]
[BlackFideId "36069264"]
[WhiteElo "2441"]
[BlackElo "2640"]
[Result "0-1"]
[Round "3"]
[TimeControl "180+1"]
[Date "2023.10.31"]
[WhiteClock "0:00:00"]
[BlackClock "0:01:51"]
[Board "76"]

1. c4 e6 2. d4 d5 3. Nf3 a6 4. e3 Nf6 5. Nc3 dxc4 6. Bxc4 b5 7. Bb3 Bb7 8. O-O Be7 9. Re1 O-O 10. a3 c5 11. dxc5 Bxc5 12. e4 Nc6 13. Qxd8 Rfxd8 14. Bg5 Ng4 15. Re2 Rd3 16. h3 Rxf3 17. gxf3 Nge5 18. Be3 Nxf3+ 19. Kg2 Ncd4 20. Bxd4 Nxd4 21. Bc2 Nxe2 22. Nxe2 Rd8 23. b4 Bb6 24. Rc1 Rd2 25. Kf1 g5 26. Ke1 Rd7 27. Bb1 Kg7 28. f3 Kf6 29. Nc3 Ke5 30. Rd1 Bc6 31. Rxd7 Bxd7 32. Ne2 h5 33. Kf1 h4 34. Ke1 Bc7 35. Kd2 f5 36. Kd3 g4 37. fxg4 fxg4 38. hxg4 h3 39. Nd4 Kf4 40. g5 h2 0-1


[Site "https://www.chess.com"]